 Dungeon Crawl Stone Soup version 0.20.1-1-g8b1a95d (webtiles) character file.

10725 JeffiDaFish the Basher (level 11, -12/69 HPs)
             Began as a Gargoyle Fighter on Oct 8, 2017.
             Was the Champion of Okawaru.
             Mangled by a phantasmal warrior (13 damage)
             ... led by a death knight
             ... on level 11 of the Dungeon.
             The game lasted 00:20:54 (8824 turns).

JeffiDaFish the Basher (Gargoyle Fighter)           Turns: 8824, Time: 00:20:55

Health: -12/69     AC: 27    Str: 25    XL:     11   Next: 66%
Magic:  13/13      EV:  7    Int: 12    God:    Okawaru [******]
Gold:   703        SH: 13    Dex: 12    Spells: 10/10 levels left

rFire    . . .     SeeInvis .   m - +5 mace of Painful Death {crush, rN+ Str+4 Int+4}
rCold    . . .     Gourm    .   c - +1 shield
rNeg     + + .     Faith    .   v - +0 plate armour
rPois    ∞         Spirit   .   l - +0 helmet
rElec    +         Reflect  .   u - +1 cloak
rCorr    .         Harm     .   (no gloves)
MR       .....                  q - +1 pair of boots
Stlth    ..........             s - amulet of regeneration
Regen    0.7/turn               (no ring)
MPRegen  0.2/turn               (no ring)

@: vulnerable, hasted, very quick
A: negative energy resistance 1, electricity resistance, unbreathing,
petrification resistance, rot immunity, AC +7
a: Heroism, Finesse, Renounce Religion


You were on level 11 of the Dungeon.
You worshipped Okawaru.
Okawaru was exalted by your worship.
You were not hungry.

You visited 1 branch of the dungeon, and saw 11 of its levels.

You collected 703 gold pieces.

Inventory:

Hand Weapons
 a - a +1 flail
 m - the +5 mace of Painful Death (weapon) {crush, rN+ Str+4 Int+4}
   (You found it on level 5 of the Dungeon)

   It inflicts extra damage upon your enemies.
   It affects your strength (+4).
   It affects your intelligence (+4).
   It protects you from negative energy.
Armour
 c - a +1 shield (worn)
 l - a +0 helmet (worn)
 q - a +1 pair of boots (worn)
 u - a +1 cloak (worn)
 v - a +0 plate armour (worn)
Jewellery
 s - an amulet of regeneration (around neck)
Scrolls
 k - 4 scrolls of identify
 n - 4 scrolls of teleportation
 o - 2 scrolls of remove curse
 t - 2 scrolls of blinking
 w - a scroll of magic mapping
Potions
 e - 3 potions of brilliance
 i - 3 potions of flight
 j - a potion of agility
Comestibles
 b - 7 meat rations
 d - 10 chunks of flesh
 f - 7 bread rations
 g - 8 fruits
 h - 9 royal jellies


   Skills:
 * Level 8.6 Fighting
 * Level 11.2 Maces & Flails
 * Level 9.1 Armour
 + Level 3.3 Dodging
 - Level 1.3 Stealth
 * Level 9.6 Shields
 + Level 2.9 Invocations


You had 10 spell levels left.
You didn't know any spells.

Dungeon Overview and Level Annotations

Branches:
Dungeon (11/15)            Temple (0/1) D:4            Lair (0/6) D:10
    Orc (0/2) D:9

Altars:
Fedhas
Gozag
Hepliaklqana
Kikubaaqudgha
Nemelex Xobeh
Okawaru
Qazlal
Sif Muna
Trog
Vehumet
Xom
The Shining One
Lugonu

Shops:
D:9 [   D:10 ((?}


Innate Abilities, Weirdness & Mutations

You are resistant to torment.
Your stone body is resilient. (AC +7)
You are immune to poison.
You resist negative energy. (rN+)
You are resistant to electric shocks. (rElec)
You can survive without breathing.
You are immune to petrification.
You are immune to rotting.


Message History

You block the phantasmal warrior's attack.
You closely miss the phantasmal warrior.
The phantasmal warrior is severely damaged.
The phantasmal warrior hits you but does no damage.
You hit the phantasmal warrior but do no damage.
The phantasmal warrior is severely damaged.
The phantasmal warrior hits you!!
* * * LOW HITPOINT WARNING * * *
You hit the phantasmal warrior but do no damage.
The phantasmal warrior is severely damaged.
You block the phantasmal warrior's attack.
You hit the phantasmal warrior but do no damage.
The phantasmal warrior is severely damaged.
The phantasmal warrior hits you!
* * * LOW HITPOINT WARNING * * *
Your magical defenses are stripped away!
You feel better. The phantasmal warrior hits you!
* * * LOW HITPOINT WARNING * * *
You feel yourself speed up. The phantasmal warrior hits you!
You die...

#.# #..
#.####### #..
#........ ...
#.####### ....
#.# #### #.# .#
#.#########..##
#....).........
#...)W@<.......
#..........>...
###############


You could see a phantasmal warrior.

Vanquished Creatures
  2 two-headed ogres
  An unseen horror (D:10)
  An ugly thing (D:11)
  A cyclops (D:11)
  The ghost of Lucherd the Skirmisher, a novice OgFE (D:5)
  The ghost of felicette the Fighter, a novice MiFi (D:7)
  A gargoyle (D:11)
  A hornet (D:11)
  A hippogriff (D:10)
  2 wraiths (D:11)
  13 yaks
  3 hogs (D:7)
  A human (D:7)
  A hungry ghost (D:11)
  A water moccasin (D:7)
  2 orc warriors
  2 sky beasts
  An eye of draining (D:11)
  A black bear (D:10)
  3 ice beasts
  3 phantoms
  2 ogres (D:8)
  A necrophage (D:9)
  2 centaurs
  4 bullfrogs
  A water moccasin zombie (D:8)
  A scorpion (D:9)
  5 wights (D:11)
  10 killer bees
  8 crimson imps
  5 hounds
  3 jellies
  2 bullfrog zombies
  6 orc priests
  5 orc wizards
  Jessica (D:2)
  2 iguanas
  Natasha (thrice) (D:2 D:4)
  A worker ant (D:11)
  3 hound zombies
  A hound skeleton (D:5)
  9 adders
  4 gnolls (D:5)
  A howler monkey skeleton (D:6)
  An ooze (D:2)
  An adder skeleton (D:8)
  3 worms
  2 dart slugs
  2 leopard geckos
  21 orcs
  2 giant cockroaches
  9 goblins
  3 hobgoblins (D:2)
  7 jackals
  4 kobolds
  2 quokkas
  2 ball pythons
  10 bats
  8 frilled lizards
  A jackal zombie (D:7)
  A leopard gecko zombie (D:5)
  2 rats
204 creatures vanquished.

Notes
Turn   | Place    | Note
-------+----------+-------------------------------------------
     0 | D:1      | JeffiDaFish the Gargoyle Fighter began the quest for the Orb.
     0 | D:1      | Reached XP level 1. HP: 14/14 MP: 1/1
   237 | D:1      | Reached XP level 2. HP: 18/19 MP: 2/2
   673 | D:2      | Reached XP level 3. HP: 23/24 MP: 3/3
   685 | D:2      | Noticed Jessica
   699 | D:2      | Killed Jessica
   702 | D:2      | Reached XP level 4. HP: 18/29 MP: 4/4
   743 | D:2      | Reached skill level 3 in Maces & Flails
  1000 | D:2      | Noticed Natasha
  1011 | D:2      | Killed Natasha
  1080 | D:2      | Reached XP level 5. HP: 30/33 MP: 5/5
  1579 | D:3      | Found a radiant altar of Vehumet.
  2369 | D:4      | Reached skill level 4 in Maces & Flails
  2369 | D:4      | Reached skill level 1 in Dodging
  2574 | D:4      | Reached XP level 6. HP: 22/38 MP: 6/6
  2575 | D:4      | Noticed Natasha
  2587 | D:4      | Killed Natasha
  2768 | D:4      | Noticed Natasha
  2774 | D:4      | Killed Natasha
  2785 | D:4      | Found a glowing golden altar of the Shining One.
  2785 | D:4      | Found an iron altar of Okawaru.
  2788 | D:4      | Found a sparkling altar of Nemelex Xobeh.
  2794 | D:4      | Found an iron altar of Okawaru.
  2794 | D:4      | Found a hazy altar of Hepliaklqana.
  2794 | D:4      | Found a hazy altar of Hepliaklqana.
  2794 | D:4      | Found a shimmering altar of Xom.
  2794 | D:4      | Found a sparkling altar of Nemelex Xobeh.
  2794 | D:4      | Found a stormy altar of Qazlal.
  2794 | D:4      | Found a blossoming altar of Fedhas.
  2794 | D:4      | Found a deep blue altar of Sif Muna.
  2794 | D:4      | Found an ancient bone altar of Kikubaaqudgha.
  2799 | D:4      | Became a worshipper of Warmaster Okawaru
  2802 | D:4      | Found a staircase to the Ecumenical Temple.
  2867 | D:4      | Found a stormy altar of Qazlal.
  2867 | D:4      | Found an opulent altar of Gozag.
  3206 | D:5      | Entered Level 5 of the Dungeon
  3214 | D:5      | Got a dazzling mace
  3215 | D:5      | Identified the +5 mace of Painful Death {crush, rN+ Str+4 Int+4} (You found it on level 5 of the Dungeon)
  3593 | D:5      | Reached XP level 7. HP: 38/44 MP: 7/7
  3604 | D:5      | Reached skill level 5 in Maces & Flails
  3632 | D:5      | Reached skill level 5 in Armour
  3633 | D:5      | Reached * piety under Okawaru
  3729 | D:5      | Reached skill level 5 in Shields
  3775 | D:5      | Reached skill level 5 in Fighting
  4014 | D:5      | Noticed Lucherd's ghost (novice OgFE)
  4027 | D:5      | Killed Lucherd's ghost
  4027 | D:5      | Reached ** piety under Okawaru
  4027 | D:5      | Reached skill level 6 in Maces & Flails
  4027 | D:5      | Reached XP level 8. HP: 45/50 MP: 8/8
  4268 | D:6      | Found a sparkling altar of Nemelex Xobeh.
  4268 | D:6      | Found an iron altar of Okawaru.
  4332 | D:6      | Reached skill level 1 in Stealth
  4854 | D:6      | Found a blossoming altar of Fedhas.
  5079 | D:7      | Found a corrupted altar of Lugonu.
  5096 | D:7      | Reached skill level 7 in Maces & Flails
  5175 | D:7      | Noticed felicette's ghost (novice MiFi)
  5190 | D:7      | Killed felicette's ghost
  5190 | D:7      | Reached XP level 9. HP: 46/55 MP: 9/9
  5250 | D:7      | Reached skill level 8 in Maces & Flails
  5253 | D:7      | Reached *** piety under Okawaru
  5328 | D:7      | Found a transporter.
  5341 | D:7      | Noticed a white ugly thing
  5342 | D:7      | Noticed a purple ugly thing
  5569 | D:7      | Reached skill level 9 in Maces & Flails
  6026 | D:8      | Reached XP level 10. HP: 40/61 MP: 10/10
  6400 | D:8      | Reached **** piety under Okawaru
  6870 | D:9      | Noticed a two-headed ogre
  6881 | D:9      | Killed a two-headed ogre
  6881 | D:9      | Reached skill level 10 in Maces & Flails
  6957 | D:9      | Found Gostreu's Armour Boutique.
  7098 | D:9      | Found a staircase to the Orcish Mines.
  7475 | D:10     | Entered Level 10 of the Dungeon
  7546 | D:10     | Found Reidenij's Magic Scroll Boutique.
  7586 | D:10     | Found Caulejem's Gadget Shop.
  7679 | D:10     | Reached ***** piety under Okawaru
  7692 | D:10     | Reached skill level 1 in Invocations
  7775 | D:10     | Found a staircase to the Lair.
  7789 | D:10     | Found Gittink's Antique Weapon Boutique.
  7819 | D:10     | Found Lypanoq's Weapon Emporium.
  7916 | D:10     | Reached XP level 11. HP: 61/67 MP: 10/12
  8185 | D:10     | Killed an unseen horror
  8351 | D:11     | Found a bloodstained altar of Trog.
  8409 | D:11     | Noticed a two-headed ogre
  8423 | D:11     | Killed a two-headed ogre
  8423 | D:11     | Reached skill level 11 in Maces & Flails
  8435 | D:11     | Noticed a cyclops
  8443 | D:11     | Killed a cyclops
  8571 | D:11     | Noticed a red ugly thing
  8588 | D:11     | Killed a red ugly thing
  8588 | D:11     | Reached ****** piety under Okawaru
  8791 | D:11     | Noticed a phantasmal warrior
  8823 | D:11     | HP: 1/69 [phantasmal warrior[a death knight] (16)]
  8824 | D:11     | Mangled by a phantasmal warrior

Skill      XL: |  1  2  3  4  5  6  7  8  9 10 11 |
---------------+----------------------------------+-----
Maces & Flails | 3 4 6 7 9 10 11 | 11.2
Armour         | 4 5 6 7 8 9 |  9.1
Fighting       | 4 5 6 7 8 |  8.6
Dodging        | 1 2 3 |  3.3
Shields        | 4 5 6 7 8 9 |  9.6
Stealth        | 1 |  1.3
Invocations    | 1 2 |  2.9

Action                   |  1- 3 |  4- 6 |  7- 9 | 10-12 || total
-------------------------+-------+-------+-------+-------++-------
Melee: Flail             |    84 |   268 |       |       ||   352
       Mace              |       |    42 |   228 |   430 ||   700
  Use: Scroll            |     1 |     8 |     6 |     7 ||    22
       Potion            |     1 |     6 |     2 |     5 ||    14
  Eat: Chunk             |       |     9 |     8 |    11 ||    28
Armor: Chain mail        |    63 |   194 |   135 |    54 ||   446
       Scale mail        |     5 |       |       |       ||     5
       Plate armour      |       |       |       |   185 ||   185
Dodge: Dodged            |    30 |    68 |    51 |    64 ||   213
Block: Shield            |    42 |   177 |   150 |   251 ||   620
